TOP OF THE 1ST |
---|
San Francisco Bandits batting - Pitching for Chicago Machine : RHP Aaron Thrash | Pitching: RHP Aaron Thrash | | Batting: RHB Javier Ramírez | 0-0: Fly out, F9 (Flyball, 9) | Batting: LHB Mario García | 0-0: Ball 1-0: Foul Ball, location: 2F 1-1: Ball 2-1: Ball 3-1: Base on Balls | Batting: RHB Owen Carter | 0-0: Called Strike 0-1: Ball 1-1: Called Strike 1-2: Ball 2-2: Strikes out swinging | Batting: LHB Chris Austin | 0-0: Foul Ball, location: 2F 0-1: Foul Ball, location: 2F 0-2: Strikes out looking | Top of the 1st over - 0 runs, 0 hits, 0 errors, 1 left on base; San Francisco 0 - Chicago 0 | BOTTOM OF THE 1ST |
---|
Chicago Machine batting - Pitching for San Francisco Bandits : LHP Manuel Rodríguez | Pitching: LHP Manuel Rodríguez | | Batting: RHB Gonzalo Gil | 0-0: Ball 1-0: Swinging Strike 1-1: Fly out, F7 (Flyball, 78D) | Batting: SHB José Alomar | 0-0: Called Strike 0-1: Ball 1-1: Foul Ball, location: 2F 1-2: Strikes out swinging | Batting: RHB Doug Stephens | 0-0: Foul Ball, location: 2F 0-1: Ball 1-1: Foul Ball, location: 2F 1-2: Strikes out swinging | Bottom of the 1st over - 0 runs, 0 hits, 0 errors, 0 left on base; San Francisco 0 - Chicago 0 | TOP OF THE 2ND |
---|
San Francisco Bandits batting - Pitching for Chicago Machine : RHP Aaron Thrash | Batting: RHB Michael Elliott | 0-0: Foul Ball, location: 2F 0-1: Foul Ball, location: 2F 0-2: Foul Ball, location: 2F 0-2: Foul Ball, location: 2F 0-2: Foul Ball, location: 2F 0-2: Ball 1-2: Fly out, F4 (Line Drive, 4) | Batting: LHB Anacleto Morillo | 0-0: Ball 1-0: SINGLE (Groundball, 34D) | Batting: RHB Scott Merritt | 0-0: Called Strike 0-1: Fly out, F1 (Line Drive, 13) | Batting: SHB Terry Dailey | 0-0: Swinging Strike 0-1: Ball 1-1: Called Strike 1-2: Foul Ball, location: 2F 1-2: Foul Ball, location: 2F 1-2: Foul Ball, location: 2F 1-2: SINGLE (Line Drive, 4MD) Anacleto Morillo to second Runner from 2nd tries for 3rd, SAFE, no throw | Batting: RHB Jaime Spiridon | 0-0: Called Strike Terry Dailey steals 2nd base 0-1: Ball 1-1: Ground out 6-3 (Groundball, 56D) | Top of the 2nd over - 0 runs, 2 hits, 0 errors, 2 left on base; San Francisco 0 - Chicago 0 | BOTTOM OF THE 2ND |
---|
Chicago Machine batting - Pitching for San Francisco Bandits : LHP Manuel Rodríguez | Batting: RHB Will Lott | 0-0: Ball 1-0: Foul Ball, location: 2F 1-1: Ball 2-1: Ball 3-1: Base on Balls | Batting: LHB Bernardo Montés | 0-0: Ground out 4-3 (Groundball, 4MD) Will Lott to second | Batting: RHB Pablo Sandoval | 0-0: Swinging Strike 0-1: Called Strike 0-2: Ball 1-2: Ball 2-2: Ground out 6-3 (Groundball, 6) | Batting: RHB Lorenzo Guzmán | 0-0: Foul Ball, location: 2F 0-1: Foul Ball, location: 2F 0-2: Ground out 5-3 (Groundball, 56) | Bottom of the 2nd over - 0 runs, 0 hits, 0 errors, 1 left on base; San Francisco 0 - Chicago 0 | TOP OF THE 3RD |
---|
San Francisco Bandits batting - Pitching for Chicago Machine : RHP Aaron Thrash | Batting: RHB Javier Ramírez | 0-0: Ball 1-0: Foul Ball, location: 2F 1-1: Swinging Strike 1-2: Ball 2-2: Ground out 6-3 (Groundball, 6) | Batting: LHB Mario García | 0-0: Ball 1-0: SINGLE (Line Drive, 3) | Batting: RHB Owen Carter | 0-0: Called Strike 0-1: Ball 1-1: Swinging Strike 1-2: Ball 2-2: Ball 3-2: Foul Ball, location: 2F 3-2: Strikes out swinging | Batting: LHB Chris Austin | 0-0: Ball 1-0: Ball 2-0: Foul Ball, location: 2F 2-1: Ball 3-1: Fly out, F8 (Flyball, 89M) | Top of the 3rd over - 0 runs, 1 hit, 0 errors, 1 left on base; San Francisco 0 - Chicago 0 | BOTTOM OF THE 3RD |
---|
Chicago Machine batting - Pitching for San Francisco Bandits : LHP Manuel Rodríguez | Batting: SHB Edward Bartlett | 0-0: Called Strike 0-1: Fly out, F7 (Line Drive, 7) | Batting: LHB Denny Poole | 0-0: Ball 1-0: Called Strike 1-1: Ball 2-1: Called Strike 2-2: Strikes out looking | Batting: RHB Gonzalo Gil | 0-0: Called Strike 0-1: Ball 1-1: Ball 2-1: Fly out, F6 (Line Drive, 6M) | Bottom of the 3rd over - 0 runs, 0 hits, 0 errors, 0 left on base; San Francisco 0 - Chicago 0 | TOP OF THE 4TH |
---|
San Francisco Bandits batting - Pitching for Chicago Machine : RHP Aaron Thrash | Batting: RHB Michael Elliott | 0-0: Called Strike 0-1: Foul Ball, location: 2F 0-2: Fly out, F7 (Flyball, 7LM) | Batting: LHB Anacleto Morillo | 0-0: Ball 1-0: Foul Ball, location: 2F 1-1: Foul Ball, location: 2F 1-2: Ground out 3-1 (Groundball, 34S) | Batting: RHB Scott Merritt | 0-0: Ground out 5-3 (Groundball, 56) | Top of the 4th over - 0 runs, 0 hits, 0 errors, 0 left on base; San Francisco 0 - Chicago 0 | BOTTOM OF THE 4TH |
---|
Chicago Machine batting - Pitching for San Francisco Bandits : LHP Manuel Rodríguez | Batting: SHB José Alomar | 0-0: Ball 1-0: Foul Ball, location: 2F 1-1: Foul Ball, location: 2F 1-2: Foul Ball, location: 2F 1-2: Strikes out looking | Batting: RHB Doug Stephens | 0-0: Ball 1-0: Foul Ball, location: 2F 1-1: Fly out, F4 (Popup, 4D) | Batting: RHB Will Lott | 0-0: Swinging Strike 0-1: Ball 1-1: Swinging Strike 1-2: Fly out, F4 (Popup, 4) | Bottom of the 4th over - 0 runs, 0 hits, 0 errors, 0 left on base; San Francisco 0 - Chicago 0 | TOP OF THE 5TH |
---|
San Francisco Bandits batting - Pitching for Chicago Machine : RHP Aaron Thrash | Batting: SHB Terry Dailey | 0-0: Called Strike 0-1: Ground out 4-3 (Groundball, 4S) | Batting: RHB Jaime Spiridon | 0-0: Ball 1-0: Swinging Strike 1-1: SINGLE (Line Drive, 7S) | Batting: RHB Javier Ramírez | 0-0: 2-RUN HOME RUN (Flyball, 7LD), Distance : 369 ft | Batting: LHB Mario García | 0-0: Foul Ball, location: 2F 0-1: Ball 1-1: Foul Ball, location: 2F 1-2: Hit by Pitch | Batting: RHB Owen Carter | 0-0: Ball 1-0: Ball 2-0: Ball 3-0: Called Strike 3-1: Called Strike 3-2: Foul Ball, location: 2F 3-2: SINGLE (Groundball, 34S) (infield hit) Mario García to second | Batting: LHB Chris Austin | 0-0: Ball 1-0: Swinging Strike 1-1: Ball Wild Pitch! Mario García to third Owen Carter to second 2-1: Intentional Walk | Batting: RHB Michael Elliott | 0-0: Called Strike 0-1: Ball 1-1: Foul Ball, location: 2F 1-2: Fly out, F7 (Flyball, 7LSF) Runner from 3rd tags up, SCORES, no throw | Batting: LHB Anacleto Morillo | 0-0: Ball 1-0: Called Strike 1-1: Fly out, F8 (Flyball, 8RM) | Top of the 5th over - 3 runs, 3 hits, 0 errors, 2 left on base; San Francisco 3 - Chicago 0 | BOTTOM OF THE 5TH |
---|
Chicago Machine batting - Pitching for San Francisco Bandits : LHP Manuel Rodríguez | Batting: LHB Bernardo Montés | 0-0: Ball 1-0: Foul Ball, location: 2F 1-1: Fly out, F9 (Flyball, 9LS) | Batting: RHB Pablo Sandoval | 0-0: Called Strike 0-1: Ground out 1-3 (Groundball, P) | Batting: RHB Lorenzo Guzmán | 0-0: Called Strike 0-1: Ground out 5-3 (Groundball, 56) | Bottom of the 5th over - 0 runs, 0 hits, 0 errors, 0 left on base; San Francisco 3 - Chicago 0 | TOP OF THE 6TH |
---|
San Francisco Bandits batting - Pitching for Chicago Machine : RHP Aaron Thrash | Batting: RHB Scott Merritt | 0-0: Fly out, F9 (Flyball, 9LS) | Batting: SHB Terry Dailey | 0-0: Ball 1-0: Ball 2-0: Called Strike 2-1: Ground out 6-3 (Groundball, 6M) | Batting: RHB Jaime Spiridon | 0-0: Fly out, F7 (Flyball, 7S) | Top of the 6th over - 0 runs, 0 hits, 0 errors, 0 left on base; San Francisco 3 - Chicago 0 | BOTTOM OF THE 6TH |
---|
Chicago Machine batting - Pitching for San Francisco Bandits : LHP Manuel Rodríguez | Batting: SHB Edward Bartlett | 0-0: Called Strike 0-1: Ball 1-1: Called Strike 1-2: Ball 2-2: Fly out, F9 (Flyball, 89D) | Batting: LHB Denny Poole | 0-0: Ball 1-0: Ball 2-0: Ball 3-0: Called Strike 3-1: Base on Balls | Batting: RHB Gonzalo Gil | 0-0: Ball 1-0: Ball 2-0: Ball 3-0: Called Strike 3-1: Called Strike 3-2: Strikes out swinging | Batting: SHB José Alomar | 0-0: SINGLE (Groundball, 6MD) Denny Poole to second Runner from 2nd tries for 3rd, SAFE, no throw | Batting: RHB Doug Stephens | 0-0: SINGLE (Groundball, 6) (infield hit) Denny Poole scores José Alomar to second | Batting: RHB Will Lott | 0-0: Foul Ball, location: 2F 0-1: SINGLE (Groundball, 56D) José Alomar to third Doug Stephens to second Runner from 3rd tries for Home, throw and OUT! | Bottom of the 6th over - 1 run, 3 hits, 0 errors, 2 left on base; San Francisco 3 - Chicago 1 | TOP OF THE 7TH |
---|
San Francisco Bandits batting - Pitching for Chicago Machine : RHP Aaron Thrash | Batting: RHB Javier Ramírez | 0-0: Ball 1-0: Foul Ball, location: 2F 1-1: Foul Ball, location: 2F 1-2: SINGLE (Line Drive, 34D) | Batting: LHB Mario García | 0-0: Ball 1-0: Ball 2-0: Bunt - Flyout! F3 | Batting: RHB Owen Carter | 0-0: Called Strike 0-1: Ball 1-1: Ball 2-1: Foul Ball, location: 2F 2-2: Ball 3-2: Foul Ball, location: 2F 3-2: Ground out 5-3 (Groundball, 56) Javier Ramírez to second | Batting: LHB Chris Austin | 0-0: Intentional Walk | Batting: RHB Michael Elliott | 0-0: Foul Ball, location: 2F 0-1: Ball 1-1: Fly out, F8 (Flyball, 8RM) | Top of the 7th over - 0 runs, 1 hit, 0 errors, 2 left on base; San Francisco 3 - Chicago 1 | BOTTOM OF THE 7TH |
---|
Chicago Machine batting - Pitching for San Francisco Bandits : LHP Manuel Rodríguez | Batting: LHB Bernardo Montés | 0-0: Ball 1-0: Called Strike 1-1: Foul Ball, location: 2F 1-2: Strikes out swinging | Batting: RHB Pablo Sandoval | 0-0: Foul Ball, location: 2F 0-1: Ball 1-1: Ball 2-1: Swinging Strike 2-2: Strikes out swinging | Batting: RHB Lorenzo Guzmán | 0-0: Ball 1-0: Ball 2-0: Fly out, F8 (Flyball, 89D) | Bottom of the 7th over - 0 runs, 0 hits, 0 errors, 0 left on base; San Francisco 3 - Chicago 1 | TOP OF THE 8TH |
---|
San Francisco Bandits batting - Pitching for Chicago Machine : RHP Aaron Thrash | Pitching: RHP Juan Rodríguez | | Batting: LHB Anacleto Morillo | 0-0: Called Strike 0-1: Ball 1-1: Fly out, F8 (Flyball, 8LS) | Batting: RHB Scott Merritt | 0-0: Ground out 6-3 (Groundball, 56) | Batting: SHB Terry Dailey | 0-0: Foul Ball, location: 2F 0-1: Fly out, F9 (Line Drive, 9) | Top of the 8th over - 0 runs, 0 hits, 0 errors, 0 left on base; San Francisco 3 - Chicago 1 | BOTTOM OF THE 8TH |
---|
Chicago Machine batting - Pitching for San Francisco Bandits : LHP Manuel Rodríguez | Batting: SHB Edward Bartlett | 0-0: Called Strike 0-1: Ball 1-1: Swinging Strike 1-2: Ball 2-2: Ball 3-2: SINGLE (Groundball, 4MD) | Pitching: RHP Mal Park | | Batting: LHB Denny Poole | 0-0: Fly out, F8 (Flyball, 8LM) | Batting: RHB Gonzalo Gil | 0-0: Called Strike 0-1: Foul Ball, location: 2F 0-2: Ball 1-2: Ball 2-2: Foul Ball, location: 2F 2-2: Foul Ball, location: 2F 2-2: Strikes out swinging | Batting: SHB José Alomar | 0-0: Swinging Strike 0-1: Ball 1-1: Ball 2-1: Called Strike 2-2: Ball 3-2: Ground out U3 (Groundball, 3) | Bottom of the 8th over - 0 runs, 1 hit, 0 errors, 1 left on base; San Francisco 3 - Chicago 1 | TOP OF THE 9TH |
---|
San Francisco Bandits batting - Pitching for Chicago Machine : RHP Juan Rodríguez | Batting: RHB Jaime Spiridon | 0-0: Ball 1-0: Ball 2-0: Fly out, F7 (Flyball, 78S) | Batting: RHB Javier Ramírez | 0-0: Swinging Strike 0-1: Fly out, F4 (Line Drive, 4) | Batting: LHB Mario García | 0-0: Called Strike 0-1: Foul Ball, location: 2F 0-2: Ball 1-2: Foul Ball, location: 2F 1-2: Ball 2-2: Strikes out swinging | Top of the 9th over - 0 runs, 0 hits, 0 errors, 0 left on base; San Francisco 3 - Chicago 1 | BOTTOM OF THE 9TH |
---|
Chicago Machine batting - Pitching for San Francisco Bandits : RHP Mal Park | Pitching: RHP Kunihiko Daikawa | | Batting: RHB Doug Stephens | 0-0: SINGLE (Line Drive, 6) | Pinch Hitting: SHB Clint Woods | 0-0: Ball 1-0: Ball 2-0: Foul Ball, location: 2F 2-1: Foul Ball, location: 2F 2-2: Ball 3-2: Foul Ball, location: 2F 3-2: Grounds into double play, 3-6-3 (Groundball, 34) | Batting: LHB Bernardo Montés | 0-0: Called Strike 0-1: Ball 1-1: Called Strike 1-2: Ball 2-2: SINGLE (Line Drive, 89S) | Batting: RHB Pablo Sandoval | 0-0: Ball 1-0: Ball 2-0: Foul Ball, location: 2F 2-1: Foul Ball, location: 2F 2-2: Fly out, F8 (Flyball, 89M) | Bottom of the 9th over - 0 runs, 2 hits, 0 errors, 1 left on base; San Francisco 3 - Chicago 1 | |